 Dungeon Crawl Stone Soup version 0.27-a0-1529-g1e82c303ef (console) character file.

Game seed: 13090927221220830206

7009 jejorda2 the Impaler (level 11, -5/133 HPs)
             Began as a Merfolk Berserker on July 11, 2021.
             Was an Elder of Trog.
             Slain by a hornet (8 damage)
             ... while paralysed by a hornet
             ... on level 9 of the Dungeon.
             The game lasted 00:21:10 (9645 turns).

jejorda2 the Impaler (Merfolk Berserker)            Turns: 9645, Time: 00:21:11

Health: -5/133     AC: 19    Str: 21    XL:     11   Next: 8%
Magic:  11/11      EV:  2    Int:  6    God:    Trog [****..]
Gold:   435        SH:  0    Dex: 14    Spells: 10/10 levels left

rFire    . . .     SeeInvis +   a - +1 halberd
rCold    . . .     Faith    .   (shield currently unavailable)
rNeg     + . .     Spirit   .   y - +1 plate armour {rN+}
rPois    .         Reflect  .   (no helmet)
rElec    .         Harm     .   t - +0 cloak
rCorr    .         Rampage  .   (no gloves)
Will     .....                  (no boots)
Stlth    ..........             B - amulet of the acrobat
HPRegen  0.32/turn              c - +4 ring of protection
MPRegen  0.12/turn              w - ring of see invisible

@: paralysed, berserking (expiring), lethally poisoned (-5 -> -7), slowed
A: (nimble swimmer 2), mertail
a: Renounce Religion, Berserk, Trog's Hand, Brothers in Arms


You were on level 9 of the Dungeon.
You worshipped Trog.
Trog was greatly pleased with you.
You visited 1 branch of the dungeon, and saw 9 of its levels.
You also visited: Sewer.

You collected 480 gold pieces.
You spent 45 gold pieces at shops.

Inventory:

Hand Weapons
 a - a +1 halberd (weapon)
 k - a +0 trident of protection
Missiles
 l - 5 boomerangs of dispersal (quivered)
 z - 3 silver boomerangs
Armour
 f - the +2 ring mail "Xofumoz" {rC++}
   (You found it on level 6 of the Dungeon)

   rC:        It greatly protects you from cold.
 t - a +0 cloak (worn)
 y - a +1 plate armour of positive energy (worn)
 A - a +0 chain mail of fire resistance
Jewellery
 c - a +4 ring of protection (left hand)
 v - a ring of flight
 w - a ring of see invisible (right hand)
 x - a ring of resist corrosion
 B - an amulet of the acrobat (around neck)
Wands
 g - a wand of flame (29)
 h - a wand of paralysis (3)
 n - a wand of iceblast (19)
Scrolls
 e - a scroll of enchant weapon
 i - a scroll of fear
 m - a scroll of fog
 o - 7 scrolls of teleportation
 r - 3 scrolls of identify
 u - 2 scrolls of magic mapping
Potions
 d - 2 potions of flight
 p - 2 potions of mutation
 q - a potion of attraction
 s - 5 potions of curing


   Skills:
 - Level 9.1 Fighting
 * Level 16.1 Polearms
 - Level 6.0 Armour
 + Level 5.0 Dodging
 + Level 2.9 Evocations


You had 10 spell levels left.
You didn't know any spells.
Your spell library was empty.

Dungeon Overview and Level Annotations

Branches:
Dungeon (9/15)             Temple (0/1) D:4           Sewer (visited)
   Lair: D:8-11         Orc: D:9-12

Altars:
Fedhas
Gozag
Hepliaklqana
Okawaru
Trog
Uskayaw
Vehumet

Shops:
D:5 *   D:6 :   D:8 (


Innate Abilities, Weirdness & Mutations

((You are quick and stealthy near water. (Stealth+, EV+, Speed+++)))
Your lower body shifts to a powerful aquatic tail in water.


Message History

You feel yourself speed up.
You feel sick.
The hornet stings you but does no damage.
You hit the hornet.
The hornet is moderately wounded.
You feel sick. The hornet stings you.
You feel yourself slow down.
You slash the hornet!
The hornet is heavily wounded.
You feel yourself speed up.
You feel sick. The hornet stings you.
You are more poisoned.
You feel yourself slow down.
The hornet stings you but does no damage.
Unknown command.
Unknown command.
A red film seems to cover your vision as you go berserk!
You feel yourself moving faster!
You feel mighty!
You feel very sick. The hornet stings you!
* * * LOW HITPOINT WARNING * * *
You feel as though you will be slow longer.
The hornet stings you!
* * * LOW HITPOINT WARNING * * *
You feel as though you will be slow longer.
You barely miss the hornet.
The hornet is heavily wounded.
You feel sick. The hornet stings you!
* * * LOW HITPOINT WARNING * * *
You suddenly lose the ability to move!
* * * LOW HITPOINT WARNING * * *
You feel sick. The hornet completely misses you.
The hornet stings you but does no damage.
* * * LOW HITPOINT WARNING * * *
You feel sick.
The hornet stings you but does no damage.
* * * LOW HITPOINT WARNING * * *
You feel sick.
The hornet stings you but does no damage.
The hornet stings you!
You die...

#### ..# #.#
#..#.####.##############
...[..y@................
...#.#####.###########.#
#).# #.# ##.## #.# #..#
#.# ##.## #.. #..# #..
##.########..
##..#[...##..


You could see a hornet.

Vanquished Creatures
  A two-headed ogre (D:7)
  Pikel (D:5)
  A manticore (D:8)
  A troll (D:9)
  A shadow (D:6)
  A wyvern (D:7)
  A steam dragon (D:6)
  2 vampire mosquitoes (D:6)
  2 water moccasins
  Purgy (D:3)
  A necrophage (D:6)
  3 black bears
  2 sky beasts
  A hornet zombie (D:6)
  2 orc warriors
  3 ogres
  2 centaurs
  2 lemures (D:5)
  2 phantoms
  A bullfrog (D:9)
  A gnoll sergeant (D:4)
  3 scorpions
  A water moccasin skeleton (D:6)
  5 killer bees
  3 wights (D:6)
  2 jellies
  A centaur zombie (D:6)
  A howler monkey (D:7)
  2 bullfrog zombies
  3 gnoll shamans
  6 orc priests
  4 hounds
  10 orc wizards
  2 iguanas
  A killer bee zombie (D:6)
  23 gnolls
  A howler monkey skeleton (D:6)
  3 river rats (Sewer)
  8 adders
  2 shadow imps
  2 white imps
  An ufetubus (D:6)
  4 worms
  An adder skeleton (D:4)
  2 dart slugs
  20 orcs
  7 endoplasms
  4 giant cockroaches
  9 goblins
  11 hobgoblins
  26 jackals
  5 kobolds
  3 quokkas
  15 ball pythons
  6 bats
  11 frilled lizards
  15 rats
255 creatures vanquished.

Vanquished Creatures (collateral kills)
  A two-headed ogre (D:8)
  A meliai (D:8)
  A basilisk (D:8)
  An ice beast (D:8)
  2 orc warriors (D:8)
  A sky beast (D:8)
  2 killer bees (D:8)
  A centaur zombie (D:8)
10 creatures vanquished.

Grand Total: 265 creatures vanquished

Notes
Turn   | Place    | Note
-------+----------+-------------------------------------------
     0 | D:1      | jejorda2 the Merfolk Berserker began the quest for the Orb.
     0 | D:1      | Reached XP level 1. HP: 18/18 MP: 1/1
   171 | D:1      | Reached XP level 2. HP: 24/24 MP: 2/2
   196 | D:1      | Reached skill level 5 in Polearms
   347 | D:1      | Reached XP level 3. HP: 29/29 MP: 3/3
   356 | D:1      | Reached ** piety under Trog
   823 | D:1      | Found a faded altar of an unknown god.
  1011 | D:2      | Reached XP level 4. HP: 37/37 MP: 4/4
  1036 | D:2      | Reached skill level 6 in Polearms
  1593 | D:2      | Reached XP level 5. HP: 42/42 MP: 5/5
  1802 | D:3      | Reached *** piety under Trog
  1807 | D:3      | Reached skill level 7 in Polearms
  2086 | D:3      | Noticed Purgy
  2099 | D:3      | Killed Purgy
  2100 | D:3      | Reached XP level 6. HP: 49/49 MP: 6/6
  2229 | D:3      | Found a hazy altar of Hepliaklqana.
  2701 | D:4      | Reached skill level 8 in Polearms
  2858 | D:4      | Found a staircase to the Ecumenical Temple.
  2959 | D:4      | Reached skill level 5 in Fighting
  2959 | D:4      | Reached XP level 7. HP: 56/56 MP: 7/7
  3187 | D:4      | Reached **** piety under Trog
  3644 | D:4      | Found a blossoming altar of Fedhas.
  3654 | D:4      | Found an iron altar of Okawaru.
  3954 | D:5      | Entered Level 5 of the Dungeon
  3966 | D:5      | Reached skill level 9 in Polearms
  4229 | D:5      | Found a hide-covered altar of Uskayaw.
  4274 | D:5      | Reached XP level 8. HP: 62/64 MP: 8/8
  4331 | D:5      | Noticed Pikel
  4385 | D:5      | Killed Pikel
  4386 | D:5      | Reached skill level 10 in Polearms
  4629 | D:5      | Reached skill level 11 in Polearms
  5111 | D:5      | Reached XP level 9. HP: 59/71 MP: 9/9
  5254 | D:5      | Reached skill level 12 in Polearms
  5520 | D:5      | Found Kotasef's Assorted Antiques.
  5525 | D:5      | Bought a scroll labelled QIZEES NOADGHI for 24 gold pieces
  5525 | D:5      | Bought a viscous purple potion for 21 gold pieces
  5918 | D:6      | Found Umowiasu's Self-Improvement Boutique.
  5988 | D:6      | Identified the +2 ring mail "Xofumoz" {rC++}
  6011 | D:6      | Reached skill level 13 in Polearms
  6011 | D:6      | Reached skill level 5 in Armour
  6055 | D:6      | Found a glowing drain.
  6071 | Sewer    | Entered a sewer
  6214 | Sewer    | Reached ***** piety under Trog
  7117 | D:7      | Reached XP level 10. HP: 80/80 MP: 10/10
  7403 | D:6      | Reached skill level 14 in Polearms
  7463 | D:7      | Received a gift from Trog
  7844 | D:7      | Noticed a two-headed ogre
  7853 | D:7      | Killed a two-headed ogre
  8027 | D:8      | Found a bloodstained altar of Trog.
  8365 | D:8      | Found an opulent altar of Gozag.
  8445 | D:8      | Reached skill level 15 in Polearms
  8598 | D:8      | Found Pyzodynaam's Antique Weapon Shop.
  8688 | D:8      | Noticed a manticore
  8703 | D:8      | Found a transporter.
  8721 | D:8      | Noticed a two-headed ogre
  8737 | D:8      | Found a radiant altar of Vehumet.
  9067 | D:8      | Found a transporter.
  9099 | D:8      | Reached skill level 1 in Evocations
  9105 | D:8      | Killed a two-headed ogre
  9134 | D:8      | Killed a manticore
  9135 | D:8      | Reached XP level 11. HP: 46/89 MP: 11/11
  9587 | D:9      | Reached skill level 16 in Polearms
  9632 | D:9      | Reached skill level 5 in Dodging
  9635 | D:9      | Paralysed by a hornet for 1 turns
  9642 | D:9      | HP: 6/133 [hornet (13)]
  9642 | D:9      | Paralysed by a hornet for 3 turns
  9645 | D:9      | Slain by a hornet

Illustrated notes

Levels and vault maps discovered:
D:1:      dpeg_arrival_simpleton_c, layout_loops_ring, basic_ecumenical_altar
D:2:      layout_basic, minmay_worlds_worst_comb
D:3:      layout_basic, mainiacjoe_overflow_alcove_2, corexii_shack, uniq_purgy
D:4:      layout_basic, amethyst_overflow_temple_binary,
          minmay_temple_entry_ruins, minivault_19, item_on_display_a
D:5:      cheibrodos_helix_gallery, layout_layer_cave,
          nicolae_uskayaw_dance_hall, serial_shops, kennysheep_little_box,
          serial_bayou_pond_a, kennysheep_generic_room_16, uniq_pikel
D:6:      layout_basic, cheibrodos_sewer_entry_bend, nicolae_shop_self_help
D:7:      layout_basic
D:8:      gammafunk_the_bubble [the_bubble_gammafunk_plus_minus], layout_basic,
          mainiacjoe_overflow_chevrons, vehumet_crystals,
          mainiacjoe_overflow_boulevard, serial_shops, shop
D:9:      layout_basic

Skill      XL: |  1  2  3  4  5  6  7  8  9 10 11 |
---------------+----------------------------------+-----
Polearms       | 5 6 7 8 9 11 13 15 16 | 16.1
Armour         | 2 3 4 5 6 |  6.0
Fighting       | 4 5 6 8 9 |  9.1
Dodging        | 4 5 |  5.0
Evocations     | 2 |  2.9

Action                   |  1- 3 |  4- 6 |  7- 9 | 10-12 || total
-------------------------+-------+-------+-------+-------++-------
Melee: Spear             |   129 |    91 |       |       ||   220
       Halberd           |       |   114 |   380 |   201 ||   695
       Tailslap          |       |       |     4 |       ||     4
Throw: Boomerang         |       |       |       |     1 ||     1
Invok: Berserk           |     1 |     5 |     6 |     6 ||    18
       Trog's Hand       |       |       |     3 |     1 ||     4
       Brothers in Arms  |       |       |       |     3 ||     3
Evoke: Wand              |       |       |     5 |       ||     5
  Use: Scroll            |       |       |     9 |     4 ||    13
       Potion            |       |       |     4 |     1 ||     5
 Stab: Sleeping          |     4 |     2 |       |       ||     6
       Paralysed         |       |       |     2 |       ||     2
Armor: Animal skin       |    30 |    27 |       |       ||    57
       Ring mail         |       |     2 |       |       ||     2
       Chain mail        |       |    21 |   145 |    75 ||   241
       Troll leather arm |       |     7 |       |       ||     7
       Plate armour      |       |       |       |    14 ||    14
Dodge: Dodged            |    56 |    82 |    78 |    52 ||   268
Block: Other             |       |       |       |     2 ||     2

Table legend: (Time is in decaauts)
 A = Elapsed time spent in this place.
 B = Non-inter-level travel time spent in this place.
 C = Inter-level travel time spent in this place.
 D = Time resting spent in this place.
 E = Time spent auto-exploring this place.
 F = Levels seen in this place.
 G = Mean time per level.
                   A        B        C        D        E       F      G
               +--------+--------+--------+--------+--------+-----+--------+
         Total |   9600 |   9218 |    382 |    930 |   6589 |  10 |  960.0 |
       Dungeon |   9301 |   8919 |    382 |    930 |   6393 |   9 | 1033.4 |
         Sewer |    299 |    299 |      0 |      0 |    196 |   1 |  299.0 |
               +--------+--------+--------+--------+--------+-----+--------+

Top non-repeatable levels by time:
     D:5: 1915 daAuts
     D:4: 1380 daAuts
     D:6: 1195 daAuts
     D:8: 1085 daAuts
     D:1: 996 daAuts
     D:3: 921 daAuts
     D:7: 917 daAuts
     D:2: 696 daAuts
   Sewer: 299 daAuts
     D:9: 192 daAuts
